 Dungeon Crawl Stone Soup version 0.31-a0-182-gc5ef74bbde (webtiles) character file.

Game seed: 2273628895837589869

51 qw the Chopper (level 3, 0/23 HPs)
             Began as a Gargoyle Fighter on June 20, 2023.
             Slain by a gnoll
             ... wielding a +0 spear
              (8 damage)
             ... on level 2 of the Dungeon.
             The game lasted 00:00:37 (1030 turns).

qw the Chopper (Gargoyle Fighter)                   Turns: 1030, Time: 00:00:37

Health: 0/23       AC: 10    Str: 21    XL:     3   Next: 81%
Magic:  3/3        EV:  9    Int:  8    God:
Gold:   101        SH:  4    Dex:  9    Spells: 2/2 levels left

rFire   . . .        Y - +0 war axe
rCold   . . .        c - +0 buckler
rNeg    + . .        b - +0 scale mail
rPois   inf          (no helmet)
rElec   +            (no cloak)
rCorr   .            (no gloves)
SInv    .            (no boots)
Will    .....        (no amulet) Stlth
                     (no ring)
HPRegen 0.23/turn    (no ring)
MPRegen 0.08/turn

%: no passive effects
@: no status effects
A: sickness immunity, AC +3, negative energy resistance 1, electricity
resistance, torment resistance 1, petrification resistance
a: no special abilities


You were on level 2 of the Dungeon.
You visited 1 branch of the dungeon, and saw 2 of its levels.

You collected 101 gold pieces.


Innate Abilities, Weirdness & Mutations

You are immune to sickness and miasma.
Your stone body is resilient. (AC +3)
You are immune to poison.
You resist negative energy. (rN+)
You are resistant to electric shocks. (rElec)
You are resistant to unholy torment.
You are immune to petrification.


   Skills:
 - Level 3.2 Fighting
 + Level 3.6 Axes
 - Level 3.2 Armour
 - Level 3.2 Shields


You had 2 spell levels left.
You didn't know any spells.
Your spell library was empty.

Inventory:

Hand Weapons
 j - a +0 club
 Y - a +0 war axe (weapon)
Armour
 b - a +0 scale mail (worn)
 c - a +0 buckler (worn)
 e - a +0 chain mail
 f - an orb of mayhem
Scrolls
 a - a scroll of identify
 g - a scroll of immolation {unknown}
Potions
 d - a potion of might
 h - 2 potions of enlightenment
 i - a potion of curing
 k - a potion of berserk rage {unknown}
 l - a potion of invisibility {unknown}

Dungeon Overview and Level Annotations

Branches:
Dungeon (2/15)

Altars:


Message History

The endoplasm freezes you.
You are frozen.
Things that are here:
a +0 whip; 3 stones
Enter note:
Enter note: You hit the endoplasm.
The endoplasm is heavily wounded.
The endoplasm hits you but does no damage.
You block the gnoll's attack.
You hit the endoplasm.
The endoplasm is severely wounded.
The gnoll closely misses you. The endoplasm freezes you.
You are frozen.
The gnoll hits you from afar with a +0 halberd.
The endoplasm freezes you.
You are frozen.
You hit the endoplasm.
You kill the endoplasm!
The gnoll closely misses you. You block the gnoll's attack.
Enter note:
Enter note: You slash the gnoll!
The gnoll is heavily wounded.
The gnoll barely misses you.
You hit the gnoll.
You kill the gnoll!
The gnoll hits you but does no damage. The gnoll closely misses you.
You closely miss the gnoll. The gnoll hits you with a +0 club.
The gnoll hits you but does no damage.
You closely miss the gnoll. The gnoll hits you with a +0 club.
The gnoll hits you from afar with a +0 spear.
You hit the gnoll.
The gnoll is moderately wounded.
The gnoll hits you with a +0 club. The gnoll barely misses you.
The gnoll hits you from afar with a +0 spear!
You die...

### #.. #.#
#.#
#.#######[.##
#...)@gg.....
#..######..#.
#..........
##.#####...
########.#
#......#.# .
#.####.#.# #
#.# #.#.# #
#.####.#.# #


You could see 2 gnolls.

Vanquished Creatures
  A gnoll (D:2)
  A worm (D:2)
  A dart slug (D:1)
  4 bats (D:1)
  3 endoplasms
  2 giant cockroaches (D:1)
  2 goblins (D:1)
  3 hobgoblins (D:1)
  4 jackals (D:1)
  3 quokkas (D:1)
  2 ball pythons (D:1)
  2 frilled lizards (D:1)
  2 kobolds
  2 rats (D:1)
32 creatures vanquished.

Notes
Turn   | Place    | Note
-------+----------+-------------------------------------------
     0 | D:1      | qw the Gargoyle Fighter began the quest for the Orb.
     0 | D:1      | Reached XP level 1. HP: 14/14 MP: 1/1
     0 | D:1      | 0 ||| qw: Version: 0.3-a-9-g12657ce
     0 | D:1      | 0 ||| qw: Game counter: 1431
     0 | D:1      | 0 ||| qw: Always use a shield: true
     0 | D:1      | 0 ||| qw: God list: Okawaru
     0 | D:1      | 0 ||| qw: Allow faded altars: false
     0 | D:1      | 0 ||| qw: Do Orc after D:15 true
     0 | D:1      | 0 ||| qw: Do second Lair branch before Depths: true
     0 | D:1      | 0 ||| qw: Lair rune preference: random
     0 | D:1      | 0 ||| qw: Plans: Normal, Zot:1-4, Slime:5, God:TSO, Crypt,
                  | Tomb, Abyss, Pan, Hells, Win
     0 | D:1      | 0 ||| PLANNING D:1-11
   136 | D:1      | 136 ||| Stepping ~*~*~tactically~*~*~ (hiding).
   137 | D:1      | 137 ||| Stepping ~*~*~tactically~*~*~ (hiding).
   158 | D:1      | 158 ||| Stepping ~*~*~tactically~*~*~ (stealth).
   164 | D:1      | Reached XP level 2. HP: 19/19 MP: 2/2
   254 | D:1      | 254 ||| Stepping ~*~*~tactically~*~*~ (hiding).
   259 | D:1      | 259 ||| Stepping ~*~*~tactically~*~*~ (hiding).
   397 | D:1      | Reached skill level 3 in Axes
   517 | D:1      | Reached XP level 3. HP: 23/23 MP: 3/3
   768 | D:1      | 768 ||| DROPPING +6 ring of intelligence.
   769 | D:1      | 769 ||| READING 5 scrolls labelled FUOVVE GIAR.
   770 | D:1      | 770 ||| DRINKING 3 murky green potions.
   771 | D:1      | 771 ||| READING 4 scrolls of identify.
   771 | D:1      | 771 ||| IDENTIFYING metallic cyan potion
   772 | D:1      | 772 ||| READING 3 scrolls of identify.
   772 | D:1      | 772 ||| IDENTIFYING sapphire potion
   773 | D:1      | 773 ||| READING 2 scrolls of identify.
   773 | D:1      | 773 ||| IDENTIFYING smoky purple potion
   774 | D:1      | 774 ||| DROPPING potion of ambrosia.
   775 | D:1      | 775 ||| DROPPING potion of degeneration.
  1013 | D:2      | 1013 ||| Stepping ~*~*~tactically~*~*~ (hiding).
  1030 | D:2      | Slain by a gnoll

Levels and vault maps discovered:
D:1:      minmay_arrival_open_corners, layout_loops_cross
D:2:      layout_loops_corners, wander_ebering_terrifying_dragon_lair

Skill      XL: |  1  2 |
---------------+-------+-----
Axes           | 2 3 |  3.6
Fighting       | |  3.2
Armour         | |  3.2
Shields        | |  3.2

Action                     || total
---------------------------++-------
  Melee: War axe           ||   111
    Use: Scroll            ||     4
         Potion            ||     1
 Armour: Scale mail        ||    59
  Dodge: Dodged            ||    53
  Block: Buckler           ||    26

Table legend:
 A = Non-vault XP
 B = Vault XP
 C = Vault XP percentage of total XP
 D = Non-vault monster count
 E = Vault monster count
 F = Vault count percentage of total count
                 A         B        C        D         E       F
            +---------+---------+-------+---------+---------+-------
      Total |      73 |       0 |   0.0 |      32 |       0 |   0.0
            +---------+---------+-------+---------+---------+-------
        D:1 |      50 |       0 |   0.0 |      28 |       0 |   0.0
        D:2 |      23 |       0 |   0.0 |       4 |       0 |   0.0
            +---------+---------+-------+---------+---------+-------
